 Dungeon Crawl Stone Soup version 0.19.0-22-gd96e5fe (webtiles) character file.

968 asthiss the Slasher (level 7, 0/60 HPs)
             Began as a Minotaur Fighter on Nov 19, 2016.
             Was a Follower of Yredelemnul.
             Splashed by a jelly's acid (3 damage)
             ... on level 5 of the Dungeon.
             The game lasted 00:17:42 (3286 turns).

asthiss the Slasher (Minotaur Fighter)              Turns: 3286, Time: 00:17:42

Health: 0/60       AC:  8    Str: 20    XL:     7   Next: 93%
Magic:  6/6        EV:  5    Int:  7    God:    Yredelemnul [*.....]
Gold:   289        SH: 15    Dex: 12    Spells: 0 memorised, 6 levels left

rFire  . . .     SeeInvis .     a - +1 long sword
rCold  . . .     Gourm    .     j - +0 chain mail
rNeg   . . .     Faith    .     h - +0 large shield
rPois  .         Spirit   .     (helmet restricted)
rElec  .         Reflect  .     (no cloak)
rCorr  .         Harm     .     (no gloves)
MR     .....                    (no boots)
Stlth  ..........               (no amulet)
                                (no ring)
                                (no ring)

@: corroded
A: retaliatory headbutt, horns 2, slimy green scales 1, clever 1, shaggy fur 1
a: Animate Remains, Renounce Religion


You were on level 5 of the Dungeon.
You worshipped Yredelemnul.
Yredelemnul was aware of your devotion.
You were not hungry.

You visited 1 branch of the dungeon, and saw 5 of its levels.
You also visited: Sewer.

You collected 289 gold pieces.

Inventory:

Hand Weapons
 a - a +1 long sword (weapon)
Armour
 b - a +0 scale mail
 h - a +0 large shield (worn)
 j - a +0 chain mail (worn)
 m - a +0 scale mail
Jewellery
 e - an uncursed ring of flight {unknown}
 u - an uncursed ring of positive energy {unknown}
 v - a cursed ring of loudness {unknown}
Scrolls
 n - 3 scrolls of recharging
 q - a scroll of fear
 r - a scroll of teleportation
 t - 2 scrolls of blinking
Potions
 c - a potion of brilliance
 d - 2 potions of might
 k - a potion of heal wounds {unknown}
 l - 4 potions of curing
 p - a potion of magic {unknown}
Books
 i - a book of Misfortune

   Spells                             Type                      Level
   a - Confusing Touch                Hexes                        1
   b - Confuse                        Hexes                        3
   c - Gell's Gravitas                Hexes/Translocation          3
   d - Petrify                        Transmutation/Earth          4
   e - Metabolic Englaciation         Hexes/Ice                    5
   f - Yara's Violent Unravelling     Hexes/Transmutation          5
 s - a book of Cantrips

   Spells                             Type                      Level
   a - Confusing Touch                Hexes                        1
   b - Animate Skeleton               Necromancy                   1
   c - Summon Small Mammal            Summoning                    1
   d - Apportation                    Translocation                1
Comestibles
 f - 7 bread rations
 o - 3 fruits


   Skills:
 + Level 4.6 Fighting
 * Level 7.6 Long Blades
 + Level 4.8 Armour
 * Level 3.5 Dodging
 + Level 6.5 Shields


You had 6 spell levels left.
You didn't know any spells.

Dungeon Overview and Level Annotations

Branches:
Dungeon (5/15)
 Temple: D:4-7

Altars:
Elyvilon
Kikubaaqudgha
Sif Muna
Yredelemnul


Innate Abilities, Weirdness & Mutations

You reflexively headbutt those who attack you in melee.
You have a pair of horns on your head.
You are partially covered in slimy green scales. (AC +2)
Your mind is acute. (Int +2)
You are covered in fur. (AC +1)


Message History

* * * LOW HITPOINT WARNING * * *
You're too confused to move!
You feel less confused.
You hear some strange, mumbled words.
A magic dart appears from out of thin air!
The magic dart hits you!
* * * LOW HITPOINT WARNING * * *
You closely miss something. Your headbutt misses something.
Something hits you but does no damage.
Your shield and chain mail prevent you from hitting something.
Something hits you.
* * * LOW HITPOINT WARNING * * *
You hit something. You slash something! Yredelemnul accepts your kill.
Reactivating autopickup.
You feel a bit more experienced. The jelly hits you but does no damage.
You hit the jelly. The acid corrodes you!
Your hands burn!
You die...
Your body rises from the dead as a mindless zombie.

..... ...
...####.###
..##.....## #
#.#.......#.# ##.#
#.#.......#(##....
#....._...........
#.#.......#..<....
#J#.......#.......
#@##.....##.......
#.####†####.......
#.................
#.###.#####.......
#.................
###########.......
#....... #.......
##......


You could see a jelly.

Vanquished Creatures
  Sigmund (D:5)
  Purgy (Sewer)
  An ice beast (D:3)
  Blork the orc (D:5)
  A scorpion (D:5)
  2 howler monkeys
  A crimson imp (D:5)
  A hound (D:4)
  An orc priest (D:5)
  A bullfrog skeleton (D:5)
  3 orc wizards
  A worker ant (D:4)
  2 gnolls (D:1)
  9 adders
  A river rat (D:3)
  An ooze (D:1)
  A worm (D:2)
  4 dart slugs
  A leopard gecko (D:3)
  4 orcs
  5 ball pythons
  8 bats
  7 giant cockroaches
  7 hobgoblins
  2 jackals (D:2)
  A quokka (D:2)
  11 frilled lizards
  8 goblins
  9 kobolds
  12 rats
108 creatures vanquished.

Notes
Turn   | Place    | Note
-------+----------+-------------------------------------------
     0 | D:1      | asthiss the Minotaur Fighter began the quest for the Orb.
     0 | D:1      | Reached XP level 1. HP: 19/19 MP: 0/0
    54 | D:1      | Gained mutation: You are partially covered in slimy green scales. (AC +2) [potion of mutation]
    54 | D:1      | Gained mutation: You are covered in fur. (AC +1) [potion of mutation]
    54 | D:1      | Gained mutation: Your mind is acute. (Int +2) [potion of mutation]
   105 | D:1      | Reached XP level 2. HP: 26/27 MP: 1/1
   363 | D:1      | Reached XP level 3. HP: 33/33 MP: 2/2
   512 | D:1      | Reached skill level 3 in Long Blades
   563 | D:1      | Reached skill level 1 in Dodging
   818 | D:2      | Reached XP level 4. HP: 27/40 MP: 3/3
  1240 | D:2      | Reached skill level 4 in Long Blades
  1581 | D:3      | Noticed an ice beast
  1599 | D:3      | Killed an ice beast
  1599 | D:3      | Reached XP level 5. HP: 29/46 MP: 4/4
  1691 | D:3      | Found a basalt altar of Yredelemnul.
  1701 | D:3      | Became a worshipper of Yredelemnul the Dark
  1738 | D:3      | Reached skill level 5 in Long Blades
  1738 | D:3      | Reached skill level 5 in Shields
  1766 | D:3      | Found a white marble altar of Elyvilon.
  1833 | D:3      | Found a glowing drain.
  1842 | Sewer    | Entered a sewer
  1878 | Sewer    | Noticed Purgy
  1888 | Sewer    | Killed Purgy
  1888 | Sewer    | Reached XP level 6. HP: 52/52 MP: 5/5
  2526 | D:3      | Found an ancient bone altar of Kikubaaqudgha.
  2617 | D:3      | Reached * piety under Yredelemnul
  2864 | D:4      | Reached skill level 6 in Long Blades
  3005 | D:4      | Reached XP level 7. HP: 57/60 MP: 6/6
  3121 | D:5      | Entered Level 5 of the Dungeon
  3121 | D:5      | Noticed Blork the orc
  3130 | D:5      | Killed Blork the orc
  3225 | D:5      | Found a deep blue altar of Sif Muna.
  3244 | D:5      | Reached skill level 7 in Long Blades
  3249 | D:5      | Noticed Sigmund
  3281 | D:5      | HP: 3/60 [something/magic dart (9)]
  3285 | D:5      | Killed Sigmund
  3286 | D:5      | Splashed by a jelly's acid

Skill      XL: |  1  2  3  4  5  6  7 |
---------------+----------------------+-----
Shields        | 4 5 6 |  6.5
Armour         | 4 |  4.8
Long Blades    | 3 4 5 6 7 |  7.6
Dodging        | 1 2 3 |  3.5
Fighting       | 4 |  4.6

Action                   |  1- 3 |  4- 6 |  7- 9 || total
-------------------------+-------+-------+-------++-------
Melee: Long sword        |   108 |   202 |    60 ||   370
       Headbutt          |    12 |    34 |    12 ||    58
  Use: Scroll            |     4 |     6 |       ||    10
       Potion            |     5 |     1 |       ||     6
  Eat: Meat ration       |       |     2 |       ||     2
Armor: Scale mail        |    19 |       |       ||    19
       Chain mail        |    30 |   105 |    21 ||   156
Dodge: Dodged            |    15 |    22 |     6 ||    43
Block: Shield            |    13 |       |       ||    13
       Large shield      |    60 |   211 |    51 ||   322
       Rpst.: Long sword |     8 |     7 |     1 ||    16
